 Dungeon Crawl Stone Soup version 0.30-a0-7-g94fe547ab8 (webtiles) character file.

Game seed: 11061563266669849437

39 Plasmagod the Trooper (level 3, 16/36 HPs)
             Began as a Minotaur Monk on Aug 23, 2022.
             Was a Believer of Vehumet.
             Quit the game on level 2 of the Dungeon.
             The game lasted 00:01:34 (1321 turns).

Plasmagod the Trooper (Minotaur Monk)               Turns: 1321, Time: 00:01:35

Health: 16/36      AC:  2    Str: 17    XL:     3   Next: 28%
Magic:  2/2        EV: 12    Int:  7    God:    Vehumet [**....]
Gold:   54         SH:  0    Dex: 12    Spells: 2/2 levels left

rFire   . . .      SeeInvis .    a - +0 hand axe
rCold   . . .      Faith    .    (no shield)
rNeg    . . .      Spirit   .    b - +0 robe
rPois   .          Reflect  .    (helmet restricted)
rElec   .          Harm     .    (no cloak)
rCorr   .          Rampage  .    (no gloves)
Will    .....                    (no boots)
Stlth   ++........               (no amulet)
HPRegen 0.12/turn                (no ring)
MPRegen 0.08/turn                (no ring)

@: no status effects
A: horns 2, retaliatory headbutt
a: Renounce Religion


You were on level 2 of the Dungeon.
You worshipped Vehumet.
Vehumet was pleased with you.
You visited 1 branch of the dungeon, and saw 2 of its levels.

You collected 54 gold pieces.

Inventory:

Hand Weapons
 a - a +0 hand axe (weapon)
Armour
 b - a +0 robe (worn)
Jewellery
 g - a ring of ice
Scrolls
 d - 4 scrolls of identify {unknown}
 h - a scroll of fear {unknown}
Potions
 c - a potion of ambrosia
 e - a potion of heal wounds {unknown}
 f - a potion of degeneration {unknown}
 i - 2 potions of brilliance {unknown}


   Skills:
 + Level 5.3 Fighting
 - Level 3.6 Axes
 - Level 3.2 Dodging
 - Level 1.5 Stealth


You had 2 spell levels left.
You didn't know any spells.
Your spell library contained the following spells:

 Spells                   Type           Power      Damage    Failure   Level
 Freeze                   Ice            0%         1d3       43%         1
 Magic Dart               Conj           0%         1d3       43%         1
 Searing Ray              Conj           0%         2d4       56%         2
 Gell's Gravitas          Tloc           0%         N/A       80%         3
 Lesser Beckoning         Tloc           0%         N/A       80%         3
 Teleport Other           Tloc           0%         N/A       80%         3
 Fulminant Prism          Conj/Hex       0%         3d6       99%         4


Dungeon Overview and Level Annotations

Branches:
Dungeon (2/15)

Altars:
Vehumet


Innate Abilities, Weirdness & Mutations

You have a pair of horns on your head.
You reflexively headbutt those who attack you in melee.


Message History

No target in view!
An endoplasm comes into view.
A kobold comes into view. It is wielding a +0 whip.
Found a faded altar of an unknown god.
Found a stone staircase leading up.
You barely miss the endoplasm.
The kobold shouts!
The endoplasm hits you.
You barely miss the endoplasm.
The floating eye turns its gaze towards you.
The endoplasm hits you.
The kobold throws a stone.
The stone hits you but does no damage.
You hit the endoplasm but do no damage. The endoplasm freezes you.
You are frozen.
The endoplasm hits you. The kobold closely misses you.
You barely miss the endoplasm. You closely miss the kobold.
The endoplasm freezes you.
You are frozen.
The kobold hits you with a +0 whip.
You barely miss the endoplasm. You hit the kobold.
You kill the kobold!
The endoplasm hits you.
You are too injured to fight recklessly!
You are too injured to fight recklessly!
You are too injured to fight recklessly!
You are too injured to fight recklessly!
You are too injured to fight recklessly!
You hit the endoplasm.
The endoplasm is heavily wounded.
The endoplasm hits you.
You hit the endoplasm.
You kill the endoplasm!
The great orb of eyes turns its gaze towards you.
The shining eye turns its gaze towards you.
There is a faded altar of an unknown god here.
You cannot tell which god this altar belongs to.
Convert to them anyway?
Vehumet accepts your prayer! Vehumet welcomes you!
You can now gain magical power from killing.
Vehumet offers you knowledge of Freeze.
Okay, then.
Are you sure you want to abandon this character and quit the game? (Confirm with "yes".)

...#............#
...#............#
...#.######.#########
...#.# #.........
####.# #.###...###
#.# ###.#G#...#G# .
#.# #..)###...###...
#.#.............
...#.....@.......
##................
...<#.###...###...
.....#.#G#...#G# ..
...#.#.###...###
....#^#.. ...... #.
#.. ####.. ##


You could see a great orb of eyes, 2 shining eyes and a floating eye.

Vanquished Creatures
  2 dart slugs (D:2)
  5 endoplasms
  4 giant cockroaches (D:1)
  4 hobgoblins
  6 ball pythons
  4 bats
  A frilled lizard (D:1)
  3 goblins
  2 kobolds
31 creatures vanquished.

Notes
Turn   | Place    | Note
-------+----------+-------------------------------------------
     0 | D:1      | Plasmagod the Minotaur Monk began the quest for the Orb.
     0 | D:1      | Reached XP level 1. HP: 19/19 MP: 0/0
     3 | D:1      | Noticed an electric eel
     4 | D:1      | Noticed an electric eel
   275 | D:1      | Reached skill level 4 in Fighting
   312 | D:1      | Reached XP level 2. HP: 27/28 MP: 1/1
  1040 | D:2      | Reached skill level 5 in Fighting
  1104 | D:2      | Reached XP level 3. HP: 36/36 MP: 2/2
  1304 | D:2      | Noticed a floating eye
  1306 | D:2      | Found a faded altar of an unknown god.
  1315 | D:2      | Noticed a great orb of eyes
  1315 | D:2      | Noticed a shining eye
  1315 | D:2      | Noticed a shining eye
  1320 | D:2      | Prayed at the altar of an unknown god.
  1320 | D:2      | Became a worshipper of Vehumet
  1320 | D:2      | Reached * piety under Vehumet
  1320 | D:2      | Offered knowledge of Freeze by Vehumet.
  1320 | D:2      | Reached ** piety under Vehumet
  1321 | D:2      | Quit the game

Illustrated notes

Levels and vault maps discovered:
D:1:      arrival_aquarium_b, layout_loops_corners
D:2:      layout_basic, hellmonk_ecumenical_altar_watching_god

Skill      XL: |  1  2 |
---------------+-------+-----
Fighting       | 4 5 |  5.3
Axes           | |  3.6
Dodging        | |  3.2
Stealth        | |  1.5

Action                   || total
-------------------------++-------
Melee: Hand axe          ||    62
       Headbutt          ||     5
 Stab: Sleeping          ||     3
Armor: Robe              ||    13
Dodge: Dodged            ||    44

Table legend: (Time is in decaauts)
 A = Elapsed time spent in this place.
 B = Non-inter-level travel time spent in this place.
 C = Inter-level travel time spent in this place.
 D = Time resting spent in this place.
 E = Time spent auto-exploring this place.
 F = Levels seen in this place.
 G = Mean time per level.
                   A        B        C        D        E       F      G
               +--------+--------+--------+--------+--------+-----+--------+
         Total |   1328 |   1284 |     44 |      0 |   1094 |   2 |  664.0 |
       Dungeon |   1328 |   1284 |     44 |      0 |   1094 |   2 |  664.0 |
               +--------+--------+--------+--------+--------+-----+--------+

Top non-repeatable levels by time:
     D:1: 957 daAuts
     D:2: 371 daAuts
